 Dungeon Crawl Stone Soup version 0.30.0-29-ga12c61a403 (webtiles) character file.

Game seed: 5578532955604502482

1338466 belegose the Metallomancer (level 27, 157/157 HPs)
             Began as a Gargoyle Earth Elementalist on May 30, 2023.
             Was the Champion of Hepliaklqana.
             Escaped with the Orb
             ... and 3 runes on June 8, 2023!
             The game lasted 14:43:38 (126304 turns).

belegose the Metallomancer (GrEE)                 Turns: 126304, Time: 14:43:39

Health: 157/157    AC: 53    Str: 20    XL:     27
Magic:  43/43      EV: 17    Int: 35    God:    Hepliaklqana [******]
Gold:   2587       SH: 21    Dex: 20    Spells: 3/58 levels left

rFire   + + +        s - staff of earth "Umer" {rF+ Str+3}
rCold   + . .        M - +2 kite shield {rC+}
rNeg    + + .        T - +4 pearl dragon scales
rPois   ∞            (helmet restricted)
rElec   +            o - +4 dragonskin cloak
rCorr   +            E - +3 pair of gloves of Shielding {rC+}
SInv    .            d - +2 pair of boots of Omiu {rF+ Int+7 Stlth-}
Will    +++..        D - amulet "Naumocvo" {Reflect +Blink rPois SH+5}
Stlth   +            K - ring of Adoqat {Fire rPois Int+3 Dex+2 Stlth-}
HPRegen 0.46/turn    J - ring "Eroxt" {rElec Will+ rCorr Str+6 Stlth+}
MPRegen 0.28/turn

%: reflection
@: flying, studying Polearms
A: reduced essence, sickness immunity, AC +20, big wings, negative energy
resistance 1, electricity resistance, torment resistance 1, petrification
resistance, horns 1, agile 2, sense surroundings 1, weak 1
0: Orb of Zot
}: 3/15 runes: serpentine, barnacled, silver
a: Renounce Religion, Evoke Blink, Recall Ancestor, Ancestor Identity,
Transference, Idealise


You escaped.
You worshipped Hepliaklqana.
Hepliaklqana was exalted by your worship.
You visited 11 branches of the dungeon, and saw 51 of its levels.
You visited the Abyss 1 time.
You visited 1 ziggurat, and saw 4 of its levels.
You also visited: Gauntlet and Ice Cave.

You collected 7597 gold pieces.
You spent 5010 gold pieces at shops.

Inventory:

Hand Weapons
 a - a +7 demon blade of electrocution
 b - the +6 sling of Daturph {drain, Int+2}
   (You found it on level 3 of the Elven Halls)

   Int:       It affects your intelligence (+2).
Missiles
 k - 23 javelins (quivered)
 I - 18 silver javelins
 U - 6 throwing nets
 V - 13 curare-tipped darts
Armour
 d - the +2 pair of boots of Omiu (worn) {rF+ Int+7 Stlth-}
   (You found it on level 3 of the Elven Halls)

   Int:       It affects your intelligence (+7).
   rF:        It protects you from fire.
   Stlth:     It makes you less stealthy.
 o - the +4 dragonskin cloak (worn)
   (You took it off Tiamat on level 4 of the Realm of Zot)

   Avatar's Aegis: It grants the wearer a chance to resist fire, cold, poison,
   electricity, acid, and negative energy.
 A - a +2 helmet of see invisible
 E - the +3 pair of gloves of Shielding (worn) {rC+}
   (You bought it in a shop on level 3 of the Dungeon)

   rC:        It protects you from cold.
 M - a +2 kite shield of cold resistance (worn)
 T - +4 pearl dragon scales (worn)
Magical Staves
 s - the staff of earth "Umer" (weapon) {rF+ Str+3}
   (You found it on level 4 of the Vaults)

   [staff of earth]

   Base accuracy: +5 Base damage: 5 Base attack delay: 1.2 This weapon's minimum
   attack delay (0.6) is reached at skill level 12.
   Str:       It affects your strength (+3).
   rF:        It protects you from fire.
   It falls into the 'Staves' category.
   It is a one-handed weapon.
Jewellery
 D - the amulet "Naumocvo" (around neck) {Reflect +Blink rPois SH+5}
   (You found it on level 12 of the Dungeon)

   [amulet of reflection]

   It reflects blocked missile attacks.
   rPois:     It protects you from poison.
   +Blink:    It lets you blink.
   SH:        It affects your SH (+5).
 H - a ring of wizardry
 J - the ring "Eroxt" (right hand) {rElec Will+ rCorr Str+6 Stlth+}
   (You took it off a deep elf zephyrmancer on level 3 of the Elven Halls)

   [ring of strength]

   Str:       It affects your strength (+6).
   rElec:     It insulates you from electricity.
   rCorr:     It protects you from acid and corrosion.
   Will:      It increases your willpower.
   Stlth:     It makes you more stealthy.
 K - the ring of Adoqat (left hand) {Fire rPois Int+3 Dex+2 Stlth-}
   (You took it off a frost giant on level 2 of the Depths)

   [ring of fire]

   It enhances your fire magic.
   Int:       It affects your intelligence (+3).
   Dex:       It affects your dexterity (+2).
   rF:        It protects you from fire.
   rC:        It makes you vulnerable to cold.
   rPois:     It protects you from poison.
   Stlth:     It makes you less stealthy.
Wands
 p - a wand of mindburst (24)
 r - a wand of digging (36)
 t - a wand of roots (24)
 z - a wand of charming (43)
 Z - a wand of light (22)
Scrolls
 e - 26 scrolls of teleportation
 g - 12 scrolls of fear
 m - 4 scrolls of butterflies
 v - 7 scrolls of blinking
 x - 9 scrolls of fog
 y - 6 scrolls of silence
 C - 6 scrolls of poison
Potions
 c - 2 potions of cancellation
 f - 31 potions of curing
 h - 9 potions of haste
 i - 8 potions of might
 j - 9 potions of magic
 l - 6 potions of resistance
 n - 4 potions of invisibility
 u - 20 potions of heal wounds
 L - 10 potions of lignification
 P - 14 potions of ambrosia
 R - 3 potions of berserk rage
 S - 6 potions of mutation
Miscellaneous
 q - a phantom mirror
 w - a phial of floods
 B - a box of beasts
 X - a condenser vane


   Skills:
 + Level 18.5 Fighting
 - Level 8.0 Long Blades
 - Level 9.4(11.0) Polearms
 - Level 10.1(12.0) Staves
 - Level 5.0 Ranged Weapons
 - Level 10.0 Throwing
 - Level 12.0 Armour
 - Level 13.0 Dodging
 - Level 10.0 Stealth
 - Level 13.0 Shields
 - Level 16.0 Spellcasting
 + Level 19.2 Conjurations
 - Level 10.0 Hexes
 - Level 9.0 Necromancy
 - Level 5.0 Translocations
 - Level 10.0 Transmutations
 - Level 17.0 Ice Magic
 - Level 4.0 Air Magic
 + Level 21.7 Earth Magic
 - Level 10.0 Invocations
 - Level 10.0 Evocations


You had 3 spell levels left.
You knew the following spells:

 Your Spells              Type           Power      Damage    Failure   Level
a - Sandblast             Erth           100%       2d20      0%          1
b - Stone Arrow           Conj/Erth      100%       3d13      0%          3
c - Blink                 Tloc           100%       N/A       1%          2
d - Tukima's Dance        Hex            78%        N/A       1%          3
e - Passwall              Tmut/Erth      98%        N/A       0%          2
f - Frozen Ramparts       Ice            100%       1d16      0%          3
g - Lee's Rapid Deconstr  Erth           67%        3d30*     1%          5
h - Irradiate             Conj/Tmut      46%        3d27      1%          5
i - Borgnjor's Vile Clut  Necr/Erth      58%        N/A       1%          5
j - Ozocubu's Refrigerat  Ice            49%        4d18      4%          7
k - Freezing Cloud        Conj/Ice/Air   44%        6-21      1%          5
l - Iron Shot             Conj/Erth      65%        9d12      1%          6
m - Lehudib's Crystal Sp  Conj/Erth      65%        10d15     9%          8

Your spell library contained the following spells:

 Spells                   Type           Power      Damage    Failure   Level
 Freeze                   Ice            100%       1d10      0%          1
 Magic Dart               Conj           100%       1d8       0%          1
 Searing Ray              Conj           100%       2d8       0%          2
 Hailstorm                Conj/Ice       100%       3d20      0%          3
 Ozocubu's Armour         Ice            98%        N/A       0%          3
 Apportation              Tloc           100%       N/A       1%          1
 Beastly Appendage        Tmut           100%       N/A       1%          1
 Necrotise                Necr           100%       1d9       1%          1
 Shock                    Conj/Air       100%       1d9       1%          1
 Ensorcelled Hibernation  Hex/Ice        100%       N/A       1%          2
 Lesser Beckoning         Tloc           100%       N/A       1%          2
 Momentum Strike          Conj/Tloc      100%       3d10      1%          2
 Wereblood                Tmut           78%        N/A       1%          2
 Dazzling Flash           Conj/Hex       100%       N/A       1%          3
 Mephitic Cloud           Conj/Pois/Air  70%        N/A       1%          3
 Portal Projectile        Hex/Tloc       100%       N/A       1%          3
 Spider Form              Tmut/Pois      58%        N/A       2%          3
 Summon Guardian Golem    Hex/Summ       58%        N/A       2%          3
 Vhi's Electric Charge    Tloc/Air       100%       N/A       2%          3
 Swiftness                Air            54%        N/A       3%          3
 Poisonous Vapours        Pois/Air       84%        N/A       4%          2
 Ignite Poison            Fire/Tmut/Pois 67%        N/A       4%          3
 Summon Small Mammal      Summ           100%       N/A       6%          1
 Volatile Blastmotes      Fire/Tloc      100%       2d18      6%          3
 Call Imp                 Summ           56%        N/A       9%          2
 Animate Armour           Summ/Erth      100%       N/A       1%          4
 Animate Dead             Necr           74%        N/A       1%          4
 Cause Fear               Hex            39%        N/A       1%          4
 Dispel Undead            Necr           74%        3d25      1%          4
 Fulminant Prism          Conj/Hex       46%        3d20      1%          4
 Ice Form                 Ice/Tmut       89%        N/A       1%          4
 Iskenderun's Mystic Bla  Conj/Tloc      85%        2d17      1%          4
 Petrify                  Tmut/Erth      100%       N/A       1%          4
 Arcjolt                  Conj/Air       41%        1d51      1%          5
 Iskenderun's Battlesphe  Conj           100%       2d15      1%          5
 Metabolic Englaciation   Hex/Ice        44%        N/A       1%          5
 Orb of Destruction       Conj           52%        9d13      1%          7
 Blade Hands              Tmut           39%        N/A       2%          5
 Yara's Violent Unravell  Hex/Tmut       39%        3d16      2%          5
 Fireball                 Conj/Fire      48%        3d19      3%          5
 Agony                    Necr           74%        N/A       4%          5
 Simulacrum               Ice/Necr       43%        N/A       4%          6
 Manifold Assault         Tloc           58%        N/A       8%          4
 Passage of Golubria      Tloc           58%        N/A       8%          4
 Conjure Ball Lightning   Conj/Air       41%        3x3d13    8%          6
 Silence                  Hex/Air        33%        N/A       10%         5
 Airstrike                Air            27%        2d(4-20)  12%         4
 Alistair's Intoxication  Tmut/Pois      38%        N/A       22%         5
 Death Channel            Necr           37%        N/A       22%         6
 Olgreb's Toxic Radiance  Pois           28%        N/A       52%         4
 Dragon Form              Tmut           39%        N/A       63%         7
 Enfeeble                 Hex            39%        N/A       63%         7
 Spellforged Servitor     Conj/Summ      38%        N/A       69%         7
 Eringya's Noxious Bog    Tmut/Pois      29%        N/A       75%         6
 Storm Form               Tmut/Air       33%        N/A       96%         7
 Plasma Beam              Fire/Air       29%        2x1d45    99%         6
 Haunt                    Necr/Summ      28%        N/A       100%        7
 Malign Gateway           Summ/Tloc      22%        N/A       100%        7
 Infestation              Necr           37%        N/A       100%        8
 Maxwell's Capacitive Co  Air            27%        ∞         100%        8
 Necromutation            Tmut/Necr      38%        N/A       100%        8
 Summon Horrible Things   Summ           14%        N/A       100%        8
 Dragon's Call            Summ           14%        N/A       100%        9
 Cigotuvi's Dreadful Rot  Necr/Pois/Air  Unusable   N/A       N/A         2
 Sublimation of Blood     Necr           Unusable   N/A       N/A         2
 Statue Form              Tmut/Erth      Unusable   N/A       N/A         6

Dungeon Overview and Level Annotations

Branches:
Dungeon (15/15)            Temple (1/1) D:7            Lair (5/5) D:9
 Shoals (4/4) Lair:2        Snake (4/4) Lair:2        Slime (0/5) Lair:4
    Orc (2/2) D:10            Elf (3/3) Orc:2        Vaults (5/5) D:13
  Crypt (3/3) Vaults:3       Tomb (0/3) Crypt:3      Depths (4/4) D:15
    Zot (5/5) Depths:4      IceCv (visited)         Gauntlet (visited)

Altars:
Ashenzari
Cheibriados
Dithmenos
Elyvilon
Fedhas
Gozag
Hepliaklqana
Kikubaaqudgha
Makhleb
Nemelex Xobeh
Okawaru
Qazlal
Ru
Sif Muna
Trog
Uskayaw
Vehumet
Wu Jian
Xom
Yredelemnul
Zin
The Shining One
Jiyva
Lugonu

Shops:
D:3 *   D:6 :   D:13 !   Orc:2 [!**[   Elf:2 =   Shoals:1 ((   Shoals:2 [
Vaults:1 !   Vaults:3 **   Vaults:4 *   Depths:1 *   Depths:3 ([!   Depths:4 ((

Portals:
Hell: Depths:1 Depths:2 Depths:3 Depths:4
Abyss: D:12 Depths:1 Depths:3
Pandemonium: Depths:2 Depths:4
Trove: Vaults:2 (give +5 ice dragon scales)

Annotations:
D:9 exclusion: downstairs
Lair:3 exclusion: downstairs
Snake:3 1 exclusion, Vashnia
Snake:4 Asterion
Elf:1 exclusion: downstairs
Elf:2 3 runed translucent doors, exclusion: 3 doors
Elf:3 exclusion: upstairs
Depths:1 3 runed translucent doors, cheesebisquit's ghost, veteran TeSu
Depths:4 36 runed doors, exclusion: 36 doors
Zot:1 1 transporter
Zot:3 exclusion: downstairs


Innate Abilities, Weirdness & Mutations

Your life essence is reduced to manifest your ancestor. (-10% HP)
You are immune to sickness and miasma.
Your stone body is resilient. (AC +20)
You are immune to poison.
Your large and strong wings let you fly.
You resist negative energy. (rN+)
You are resistant to electric shocks. (rElec)
You are resistant to unholy torment.
You are immune to petrification.
You have a pair of small horns on your head.
You are very agile. (Dex +8, Str/Int -2)
You passively map a small area around you.
You are weak. (Str -2)


Message History

Okay, then.
Blink to where?
Press: ? - help, Dir - move target A white imp comes into view.
As you read the scroll of blinking, it crumbles to dust.
The white imp shouts, "Run away, thou worthless moldwarp beggar!"
The neqoxec gestures at you.
Something tries to feed on your intellect!
Wain gestures.
Wain flickers and vanishes!
Deactivating autopickup; reactivate with Ctrl-A.
The neqoxec gestures at you.
Something tries to feed on your intellect!
There is a stone staircase leading up here.
The white imp gestures at you.
The puff of frost hits something.
You fly upwards.
Reactivating autopickup.
There is a stone staircase leading down here.
Unknown command.
Cerci is recalled.
Unknown command.
(D) Dungeon (T) Temple (L) Lair (A) Shoals (P) Snake Pit (M) Slime Pits (O) Orcish Mines (E) Elven Halls (V) Vaults (C) Crypt (W) Tomb (U) Depths (H) Hell (Z) Zot
Where to? (Enter - D:1 @ (x,y), ? - help)
What level of the Dungeon? (default 1, ? - help)
You swap places.
Magic restored.
There is an open door here.
A ball python comes into view.
The ball python hisses angrily.
There is an open gate here.
Cerci casts a spell at the ball python.
The ball python barely resists.
You hit the ball python.
You shatter the ball python!!!
You kill the ball python!
There is a staircase leading out of the dungeon here.
You have escaped!

♣♣♣ ♣♣♣♣♣.♣♣♣
♣♣♣.......♣♣♣
♣♣....8.@.8..♣♣♣♣♣
♣♣.......R........♣
♣♣.................♣♣
♣.......8...8.......♣
♣#####.........#####♣
##.......## ##8...8##
####'''## #......#


You could see the friendly Cerci the hexer.

Vanquished Creatures
  4 dread liches
  6 orbs of fire
  Tiamat (Zot:4)
  3 ancient liches
  2 Killer Klowns (Zot:5)
  Boris (thrice) (Crypt:2 Crypt:3 Depths:3)
  Margery (Vaults:4)
  Xtahua (Vaults:4)
  Frederick (Crypt:1)
  Bai Suzhen (Vaults:5)
  2 curse toes
  5 golden dragons
  2 doom hounds (Zot:2)
  Nikola (Depths:1)
  A bone dragon (Depths:4)
  A shard shrike zombie (Crypt:2)
  3 electric golems
  A Tzitzimitl (Depths:1)
  A Brimstone Fiend (Zot:1)
  Rupert (Lair:3)
  A Hell Sentinel (Zig:4)
  Grunn (Zot:2)
  2 liches (Crypt:3)
  4 deep elf blademasters (Elf:3)
  14 tentacled monstrosities
  21 Orb Guardians
  3 titans (Vaults:5)
  A tentacled starspawn (Abyss:3)
  12 ancient champions
  An acid blob (Zig:3)
  5 quicksilver dragons
  8 death cobs
  Agnes (Elf:2)
  2 krakens
  An Executioner (Abyss:3)
  8 sphinxes
  4 tengu reavers
  8 shadow dragons
  4 draconian monks
  2 revenants
  Roxanne (Snake:3)
  6 draconian knights
  4 nagarajas
  16 storm dragons
  6 vault wardens
  A rockslime (Zot:5)
  3 deep elf sorcerers (Elf:3)
  8 fire giants
  11 frost giants
  A ghost moth (Zot:3)
  2 draconian stormcallers
  An iron dragon (Depths:3)
  3 draconian shifters
  4 curse skulls
  3 deep elf elementalists (Elf:3)
  Aizul (Snake:4)
  8 draconian annihilators
  3 draconian scorchers (Zot:3)
  19 very ugly things
  2 orc warlords
  A juggernaut skeleton (Crypt:3)
  13 ironbound preservers
  4 war gargoyles
  6 ghouls
  A quicksilver ooze (Zig:3)
  10 stone giants
  3 ironbound thunderhulks
  4 reapers
  6 vampire knights
  10 black draconians
  12 green draconians
  9 deep elf annihilators
  5 deep elf demonologists
  8 yellow draconians
  7 white draconians
  3 dire elephants
  11 spark wasps
  2 minotaurs
  6 red draconians
  10 purple draconians
  3 eidola
  10 deep elf death magi
  An iron golem (Zig:4)
  3 blizzard demons
  The ghost of Sabo the Cleaver, a journeyman DsGl of Ashenzari (D:12)
  5 fire dragons
  2 merfolk impalers
  Josephine (D:14)
  2 entropy weavers (Vaults:4)
  7 ettins
  3 merfolk javelineers
  6 deep elf high priests
  20 vault guards
  An entropy weaver (shapeshifter) (D:15)
  4 jiangshi
  4 great orbs of eyes
  2 rakshasas
  11 yaktaur captains
  4 spriggan air magi
  An ice dragon (shapeshifter) (D:10)
  7 ice dragons
  5 salamander tyrants
  10 two-headed ogres
  3 hydras
  3 catoblepae
  A juggernaut simulacrum (Depths:2)
  5 ogre magi
  2 centaur warriors
  A merfolk aquamancer (Shoals:3)
  A deep troll shaman (Depths:4)
  4 ironbound frosthearts
  10 anacondas
  A merfolk avatar (Shoals:4)
  A death knight (Crypt:3)
  10 death yaks
  4 naga warriors
  12 satyrs
  A tengu warrior (Depths:3)
  6 deep troll earth magi
  2 thrashing horrors (Abyss:3)
  6 boulder beetles
  10 vampire magi
  The ghost of Esekla the Thaumaturge, a journeyman DENe of Vehumet (D:10)
  2 naga sharpshooters
  2 spriggan berserkers
  4 shock serpents
  A titan zombie (Depths:2)
  10 deep elf knights
  3 sun demons (Depths:2)
  A soul eater (Crypt:2)
  Amaemon (D:8)
  7 hell knights
  A sixfirhy (D:12)
  16 skeletal warriors
  5 salamander mystics
  A sea snake (shapeshifter) (Vaults:5)
  A wretched star (Abyss:3)
  7 iron trolls
  A spectral death yak (Lair:5)
  10 sea snakes
  3 naga ritualists
  A golden dragon zombie (Depths:2)
  3 flayed ghosts
  A steelbarb worm (shapeshifter) (Depths:3)
  6 glowing orange brains
  11 harpies
  55 deep trolls
  2 wizards
  3 bog bodies
  21 ironbound convokers
  5 lindwurms
  28 deep elf pyromancers
  9 necromancers
  18 deep elf zephyrmancers
  An orc sorcerer (Orc:2)
  22 deep elf archers
  8 phantasmal warriors
  2 oklob plants (Lair:4)
  A frost giant zombie (Depths:1)
  An obsidian statue (Lair:5)
  6 orc knights
  14 ugly things
  13 fauns
  7 mana vipers
  10 manticores
  7 salamanders
  A salamander (shapeshifter) (D:12)
  7 elephants
  34 moths of wrath
  6 cyclopes
  2 merfolk sirens
  26 black mambas
  3 water nymphs
  An eleionoma skeleton (Crypt:3)
  A dire elephant zombie (Crypt:1)
  3 orange demons
  5 guardian serpents (Snake:4)
  10 vault sentinels
  An ice statue (IceCv)
  2 smoke demons
  An elephant (shapeshifter) (Elf:1)
  6 naga magi
  A rust devil (Depths:2)
  2 gargoyles
  A torpor snail (Lair:5)
  2 storm dragon simulacra (Depths:2)
  A hellion (Depths:4)
  An alligator snapping turtle zombie (Crypt:1)
  14 cane toads
  A catoblepas zombie (Crypt:1)
  An efreet (D:15)
  A kobold demonologist (D:11)
  17 yaktaurs
  A dire elephant skeleton (Lair:5)
  5 komodo dragons
  A rime drake (Lair:1)
  A tengu conjurer (D:14)
  A yaktaur (shapeshifter) (Vaults:4)
  An anaconda simulacrum (IceCv)
  2 ice devils
  6 freezing wraiths
  A mana viper zombie (Crypt:2)
  An ancient zyme (D:12)
  3 meliai (Shoals:1)
  2 hellwings (Depths:2)
  A polar bear (Lair:5)
  12 merfolk
  5 trolls
  3 wind drakes
  A mana viper skeleton (Crypt:2)
  A queen bee (D:10)
  A tyrant leech (Gauntlet)
  A tengu simulacrum (Depths:2)
  3 hornets
  5 snapping turtles
  7 blink frogs
  An ettin zombie (Vaults:3)
  A raiju (D:12)
  A death drake skeleton (Crypt:1)
  2 dream sheep
  23 slime creatures
  A stone giant simulacrum (Depths:2)
  2 centaur simulacra
  Sigmund (D:6)
  9 spriggans
  8 flying skulls
  6 wraiths
  A ynoxinul (Depths:2)
  6 wyverns
  3 dire elephant simulacra (IceCv)
  3 fire elementals
  23 yaks
  3 air elementals
  A vampire (Vaults:3)
  3 basilisks
  25 dancing weapons
  5 water elementals
  A basilisk (shapeshifter) (D:14)
  A shadow (D:12)
  A steam dragon (D:6)
  3 harpy simulacra (IceCv)
  Menkaure (D:7)
  2 death yak simulacra (IceCv)
  2 swamp worms (Gauntlet)
  3 wargs
  2 acid dragons
  13 nagas
  14 water moccasins
  A swamp drake (Orc:1)
  8 orc warriors
  A meliai simulacrum (D:14)
  A black bear (D:5)
  A boggart (Lair:3)
  2 elephant zombies (Lair:5)
  A boggart (shapeshifter) (Vaults:5)
  16 ogres
  9 wolves
  11 centaurs
  2 starcursed masses (Abyss:3)
  2 lemures
  2 phantoms (D:6)
  8 kobold brigands
  2 earth elementals
  11 bullfrogs
  8 two-headed ogre simulacra (IceCv)
  A gnoll sergeant (D:9)
  10 scorpions
  A cyclops zombie (Crypt:2)
  4 necrophages
  2 cane toad simulacra
  5 wights (D:7)
  An elf skeleton (Crypt:3)
  7 hexers
  14 killer bees (D:10)
  3 elephant simulacra
  A yak skeleton (Crypt:1)
  An electric eel (Lair:5)
  4 howler monkeys
  A crimson imp (Orc:1)
  3 hounds
  3 jellies
  A gnoll bouda (D:9)
  8 orc priests
  An iron imp (Orc:1)
  A sleepcap (D:6)
  A centaur skeleton (Crypt:2)
  An iguana (D:6)
  Ijyb (D:3)
  Terence (D:3)
  17 orc wizards
  7 hell rats (Lair:5)
  7 troll simulacra (IceCv)
  8 spriggan simulacra
  3 polar bear simulacra (IceCv)
  A wolf simulacrum (IceCv)
  11 gnolls
  3 naga simulacra (IceCv)
  3 adders
  4 river rats (Lair:5)
  A steam dragon skeleton (Crypt:1)
  2 white imps (IceCv)
  7 ufetubi
  An iguana zombie (Crypt:3)
  A worm zombie (Crypt:3)
  A worm (shapeshifter) (D:15)
  4 dart slugs (D:1)
  40 orcs
  3 ball pythons
  8 endoplasms
  3 giant cockroaches
  7 goblins
  8 hobgoblins
  6 jackals
  4 quokkas
  5 bats
  2 frilled lizards
  A goblin skeleton (Crypt:3)
  A goblin zombie (Crypt:3)
  A hobgoblin skeleton (Crypt:3)
  A hobgoblin zombie (Crypt:2)
  34 kobolds
  4 rats
  A river rat skeleton (Crypt:1)
  2 tentacles
1667 creatures vanquished.

Vanquished Creatures (collateral kills)
  A dread lich (Zot:5)
  Mennas (Vaults:4)
  A Killer Klown (Zot:3)
  The ghost of Kabe the Fencer, a veteran BaIE of Cheibriados (Depths:2)
  2 caustic shrikes
  4 golden dragons
  A bone dragon (Crypt:3)
  A doom hound (Zot:2)
  A shard shrike zombie (Crypt:2)
  An electric golem (Zot:5)
  Zenata (Crypt:1)
  6 Orb Guardians (Zot:5)
  A walking earthen tome (Depths:2)
  8 tentacled monstrosities
  A quicksilver dragon (Zot:2)
  2 liches
  A deep elf blademaster (Elf:3)
  3 titans
  3 sphinxes
  6 death cobs
  A tentacled starspawn (D:12)
  A shadow dragon (Zot:1)
  The ghost of Jeyniew the Grappler, an adept TrMo of Nemelex Xobeh (Elf:3)
  2 tengu reavers
  Donald (Shoals:3)
  A revenant (Crypt:2)
  A storm dragon (Depths:3)
  Kirke (D:14)
  2 fire giants
  4 draconian monks
  4 draconian knights
  A nagaraja (Snake:4)
  A ghost moth (Zot:2)
  3 deep elf elementalists (Elf:3)
  5 vault wardens
  3 deep elf sorcerers
  4 frost giants
  8 draconian scorchers
  A draconian stormcaller (Zot:5)
  A draconian shifter (Zot:2)
  An orc warlord (Vaults:4)
  9 ironbound preservers
  6 ghouls
  A reaper (IceCv)
  4 draconian annihilators
  2 ironbound thunderhulks
  2 stone giants
  2 vampire knights
  A very ugly thing (D:14)
  A deep elf demonologist (Elf:3)
  5 yellow draconians
  5 black draconians
  5 red draconians
  6 purple draconians
  6 spark wasps
  A green draconian (Zot:4)
  6 white draconians
  3 minotaurs
  5 dire elephants
  7 ettins
  3 deep elf death magi
  A blizzard demon (Depths:2)
  A merfolk javelineer (Shoals:4)
  3 jiangshi
  A deep elf high priest (Elf:3)
  3 fire dragons
  2 eidola
  A yaktaur captain (Vaults:1)
  3 great orbs of eyes
  An ice dragon (Depths:3)
  2 hydras
  3 rakshasas
  3 centaur warriors
  3 anacondas
  7 vault guards
  2 ogre magi
  10 two-headed ogres
  2 merfolk avatars
  A merfolk aquamancer (Shoals:1)
  An alligator snapping turtle (Shoals:2)
  A death knight (Crypt:1)
  A deep troll earth mage (Depths:3)
  4 satyrs
  3 dancing weapons
  5 vampire magi
  4 naga warriors
  7 death yaks
  2 tengu warriors
  A shock serpent (Snake:4)
  A spectral dire elephant (Lair:5)
  7 naga sharpshooters
  4 hell knights
  8 deep elf knights
  3 soul eaters (Crypt:1)
  A salamander mystic (Snake:4)
  A skyshark (Lair:4)
  A spectral anaconda (Lair:5)
  A fire crab (shapeshifter) (D:14)
  An iron troll (Vaults:5)
  5 flayed ghosts
  5 skeletal warriors
  A spark wasp zombie (Depths:1)
  5 sea snakes
  3 naga ritualists (Snake:4)
  A glowing orange brain (Depths:2)
  6 deep elf archers
  19 deep trolls
  2 orc knights
  3 lindwurms
  5 ironbound convokers
  2 wizards
  Pikel (D:9)
  8 harpies
  7 deep elf zephyrmancers
  5 phantasmal warriors
  A necromancer (Lair:5)
  3 mana vipers
  2 oklob plants
  A fire giant zombie (Depths:2)
  An orc sorcerer (D:10)
  8 deep elf pyromancers
  11 manticores
  8 fauns
  4 ugly things
  6 elephants
  4 moths of wrath
  12 salamanders (Snake:4)
  4 black mambas
  3 cyclopes
  3 merfolk sirens
  2 naga magi (Snake:1)
  2 water nymphs
  6 vault sentinels
  A torpor snail (shapeshifter) (Vaults:4)
  7 cane toads
  A smoke demon (Abyss:3)
  A kobold demonologist (D:10)
  A redback zombie (Crypt:3)
  3 komodo dragons
  15 yaktaurs
  An efreet (D:15)
  2 ice devils
  A white draconian skeleton (Crypt:1)
  A polar bear (Lair:3)
  15 merfolk
  A hornet (Lair:3)
  A wind drake (Shoals:1)
  4 blink frogs
  A sphinx simulacrum (Depths:2)
  2 large abominations (Abyss:3)
  4 dream sheep
  A fire dragon zombie (Crypt:3)
  2 snapping turtles (Shoals:1)
  13 slime creatures
  An ettin zombie (Vaults:3)
  5 flying skulls
  12 water elementals
  3 vampires
  5 spriggans
  4 wraiths
  2 basilisks
  12 yaks
  3 fire elementals
  A steam dragon (D:8)
  A skyshark zombie (Crypt:2)
  3 wargs
  9 nagas
  A spectral cane toad (Lair:5)
  A swamp worm (shapeshifter) (D:13)
  A floating eye (Depths:3)
  3 water moccasins
  14 orc warriors
  An elephant zombie (Lair:5)
  A glowing shapeshifter skeleton (Vaults:3)
  14 ogres
  3 boggarts
  9 wolves
  A centaur (D:12)
  2 human zombies (Vaults:3)
  A bullfrog (Lair:5)
  2 necrophages (Crypt:2)
  A draconian skeleton (Crypt:2)
  9 killer bees (D:10)
  2 elephant simulacra (Lair:5)
  A howler monkey (D:9)
  An orc priest (Orc:1)
  9 orc wizards
  2 hell rats (Lair:5)
  A troll simulacrum (IceCv)
  A gnoll (D:9)
  3 river rats (Lair:5)
  A shadow imp (Orc:1)
  A white imp (Orc:1)
  An ufetubus (IceCv)
  31 orcs
  A hobgoblin (D:9)
  5 kobolds (D:10)
  A rat (Lair:5)
  A starspawn tentacle (Abyss:3)
  A tentacle (Shoals:4)
704 creatures vanquished.

Vanquished Creatures (others)
  A golden dragon (Zot:2)
  A draconian scorcher (Zig:2)
  A very ugly thing (Depths:3)
  A spark wasp (Depths:4)
  A deep elf knight (Elf:3)
  A deep elf zephyrmancer (Elf:3)
  A hornet (Depths:3)
  An air elemental (Elf:3)
  3 humans (D:14)
  67 dancing weapons
  A neqoxec (Depths:4)
  72 hexers
  An orc wizard (Orc:1)
  4 orcs
  A kobold (D:6)
  11 starspawn tentacles
  27 tentacles
195 creatures vanquished.

Grand Total: 2566 creatures vanquished

Notes
Turn   | Place    | Note
-------+----------+-------------------------------------------
     0 | D:1      | belegose the Gargoyle Earth Elementalist began the quest
                  | for the Orb.
     0 | D:1      | Reached XP level 1. HP: 10/10 MP: 3/3
   249 | D:1      | Reached skill level 4 in Earth Magic
   249 | D:1      | Reached XP level 2. HP: 15/15 MP: 1/5
   637 | D:1      | Reached XP level 3. HP: 19/19 MP: 3/6
  1563 | D:2      | Found a faded altar of an unknown god.
  1709 | D:2      | Reached XP level 4. HP: 15/24 MP: 6/8
  1784 | D:3      | Reached skill level 1 in Fighting
  1815 | D:3      | Noticed Terence
  1822 | D:3      | Learned a level 3 spell: Stone Arrow
  2098 | D:3      | Noticed Ijyb
  2115 | D:3      | Killed Ijyb
  2116 | D:3      | Reached XP level 5. HP: 25/29 MP: 9/9
  2222 | D:3      | Noticed an ogre
  2520 | D:4      | Reached skill level 1 in Conjurations
  2551 | D:4      | Reached skill level 1 in Long Blades
  2680 | D:4      | Reached XP level 6. HP: 26/34 MP: 11/11
  3381 | D:5      | Entered Level 5 of the Dungeon
  3422 | D:5      | Noticed a water moccasin
  3502 | D:4      | Reached XP level 7. HP: 32/38 MP: 11/13
  3674 | D:5      | Reached skill level 5 in Stealth
  3823 | D:4      | Reached XP level 8. HP: 43/43 MP: 12/15
  3960 | D:5      | Reached skill level 5 in Spellcasting
  3960 | D:5      | Reached skill level 1 in Evocations
  4675 | D:6      | Reached skill level 5 in Conjurations
  4818 | D:6      | Reached skill level 1 in Armour
  4897 | D:6      | Found Juuk's Book Emporium.
  5057 | D:6      | Noticed Sigmund
  5110 | D:6      | Killed Sigmund
  5111 | D:6      | Reached XP level 9. HP: 47/47 MP: 9/18
  6234 | D:6      | Reached skill level 5 in Earth Magic
  6380 | D:7      | Found an iron altar of Okawaru.
  6575 | D:3      | Killed Terence
  6660 | D:3      | Found Uxtawnou's Assorted Antiques.
  6665 | D:3      | Bought a pair of fading gloves for 247 gold pieces
  6665 | D:3      | Identified the +3 pair of gloves of Shielding {rC+} (You
                  | bought it in a shop on level 3 of the Dungeon)
  6918 | D:7      | Noticed Menkaure
  6923 | D:7      | Killed Menkaure
  7067 | D:7      | Noticed a gargoyle
  7313 | D:7      | Found a staircase to the Ecumenical Temple.
  7319 | Temple   | Entered the Ecumenical Temple
  7512 | Temple   | Became a worshipper of Hepliaklqana the Forgotten
  7684 | D:7      | Reached skill level 6 in Earth Magic
  7730 | D:7      | Reached skill level 5 in Armour
  7909 | D:7      | Reached skill level 5 in Evocations
  8002 | D:7      | Killed a gargoyle
  8003 | D:7      | Reached XP level 10. HP: 43/52 MP: 4/21
  8102 | D:7      | Learned a level 2 spell: Blink
  8570 | D:8      | Noticed Amaemon
  8570 | D:8      | Noticed an orange demon
  8678 | D:8      | Reached skill level 7 in Earth Magic
  8869 | D:9      | Noticed a two-headed ogre
  8877 | D:9      | Killed a two-headed ogre
  9450 | D:8      | Reached * piety under Hepliaklqana
 10035 | D:9      | Noticed a death yak
 10183 | D:9      | Reached skill level 5 in Fighting
 10323 | D:9      | Reached skill level 5 in Translocations
 10516 | D:9      | Reached skill level 1 in Invocations
 10727 | D:9      | Noticed a death yak
 10796 | D:10     | Entered Level 10 of the Dungeon
 10976 | D:10     | Found a runed translucent gate.
 10976 | D:10     | Found a runed translucent gate.
 10976 | D:10     | Found an opulent altar of Gozag.
 10977 | D:10     | Found a runed translucent gate.
 10978 | D:10     | Noticed Esekla's ghost (journeyman DENe)
 10978 | D:10     | Noticed a cyclops
 11000 | D:10     | a komodo dragon changed into a lindwurm
 11000 | D:10     | Noticed a lindwurm (shapeshifter)
 11010 | D:10     | a lindwurm changed into a salamander
 11010 | D:10     | Noticed a salamander (shapeshifter)
 11079 | D:10     | Noticed a cyclops
 11249 | D:10     | Reached XP level 11. HP: 56/56 MP: 7/22
 11298 | D:10     | Learned a level 3 spell: Tukima's Dance
 11394 | D:10     | Reached skill level 8 in Earth Magic
 11400 | D:10     | Reached skill level 1 in Hexes
 11477 | D:10     | Noticed a lindwurm
 11682 | D:10     | Found a stormy altar of Qazlal.
 11682 | D:10     | Found a glowing golden altar of the Shining One.
 11691 | D:10     | Found a faded altar of an unknown god.
 11693 | D:10     | Found a burning altar of Makhleb.
 11695 | D:10     | Found a faded altar of an unknown god.
 11868 | D:10     | Reached ** piety under Hepliaklqana
 11869 | D:10     | Remembered your ancestor Cerci as a hexer
 11914 | D:10     | Found a staircase to the Orcish Mines.
 12513 | Orc:1    | Entered Level 1 of the Orcish Mines
 12845 | Orc:1    | Noticed an orc knight
 12864 | Orc:1    | Killed an orc knight
 12865 | Orc:1    | Reached skill level 5 in Invocations
 13012 | Orc:1    | Noticed an orc sorcerer
 13020 | Orc:1    | Noticed a sun demon
 13116 | D:9      | Noticed Pikel
 13200 | D:8      | Killed a death yak
 13201 | D:8      | Reached skill level 1 in Throwing
 13413 | D:9      | Killed Pikel
 13471 | D:9      | Noticed a death yak
 13475 | D:9      | Noticed a death yak
 13475 | D:9      | Noticed a death yak
 13812 | D:9      | Found a staircase to the Lair.
 13894 | Lair:1   | Entered Level 1 of the Lair of Beasts
 14493 | Lair:1   | Reached skill level 5 in Hexes
 14575 | Lair:1   | Reached XP level 12. HP: 50/61 MP: 25/25
 14638 | Lair:1   | Reached skill level 5 in Throwing
 14804 | Lair:1   | Got the Vellum of the Transposed Jinx
 15397 | Lair:1   | Reached skill level 5 in Long Blades
 16391 | Lair:2   | Reached *** piety under Hepliaklqana
 16548 | Lair:2   | Found a staircase to the Shoals.
 16927 | Lair:2   | Found a staircase to the Snake Pit.
 17256 | Lair:3   | Noticed Rupert
 17380 | Lair:3   | Noticed an eight-headed hydra
 17387 | Lair:3   | Killed an eight-headed hydra
 17388 | Lair:3   | Noticed an eight-headed hydra
 17392 | Lair:3   | Killed an eight-headed hydra
 17393 | Lair:3   | Reached skill level 9 in Earth Magic
 17393 | Lair:3   | Reached XP level 13. HP: 64/64 MP: 14/26
 17394 | Lair:3   | Found a frozen archway.
 17405 | IceCv    | Entered an ice cave
 18825 | IceCv    | Noticed a reaper
 18896 | IceCv    | Killed a reaper
 19134 | IceCv    | Identified the ring of Qatiferch {Fly EV+5 Int-4 Dex+4}
 19933 | Orc:1    | Noticed an orc warlord
 19943 | D:10     | Reached skill level 10 in Spellcasting
 20314 | D:8      | Killed Amaemon
 20315 | D:8      | Reached skill level 10 in Earth Magic
 20513 | D:8      | Reached skill level 1 in Shields
 20861 | D:9      | Found a staircase to the Lair.
 21915 | D:10     | Found a runed translucent gate.
 21915 | D:10     | Found a runed translucent gate.
 21915 | D:10     | Found an opulent altar of Gozag.
 21916 | D:10     | Found a runed translucent gate.
 21976 | D:10     | Killed an orc warlord
 22151 | D:10     | Found a stormy altar of Qazlal.
 22151 | D:10     | Found a glowing golden altar of the Shining One.
 22157 | D:10     | Found a faded altar of an unknown god.
 22159 | D:10     | Found a burning altar of Makhleb.
 22161 | D:10     | Found a faded altar of an unknown god.
 22254 | D:10     | Found a staircase to the Orcish Mines.
 23069 | Orc:1    | Identified the +0 hat "Saurut" {Fly rElec}
 23387 | Orc:2    | Entered Level 2 of the Orcish Mines
 23402 | Orc:2    | Reached **** piety under Hepliaklqana
 24100 | Orc:2    | Gained mutation: Your large and strong wings let you fly.
                  | [Gargoyle growth]
 24100 | Orc:2    | Reached XP level 14. HP: 72/72 MP: 14/28
 25312 | Orc:2    | Found Oluxkua's General Store.
 25312 | Orc:2    | Found Meots's Distillery.
 25313 | Orc:2    | Found Rouzxiot's Antique Armour Shoppe.
 25313 | Orc:2    | Found Deomal's General Store.
 25430 | Orc:2    | Found a staircase to the Elven Halls.
 25882 | Orc:2    | Found Mytsatoc's Armour Boutique.
 27792 | D:12     | Found a shimmering altar of Xom.
 27873 | D:12     | Identified the amulet "Naumocvo" {Reflect +Blink rPois
                  | SH+5}
 28105 | D:12     | Found a transporter.
 28113 | D:12     | Found a one-way gate to the infinite horrors of the Abyss.
 28113 | D:12     | Noticed Sabo's ghost (journeyman DsGl)
 28115 | D:12     | Noticed a tentacled starspawn
 28182 | D:12     | Reached ***** piety under Hepliaklqana
 28257 | D:12     | Found a transporter.
 28583 | D:12     | Learned a level 2 spell: Passwall
 29238 | D:13     | Found Hoitzits's Distillery.
 29352 | D:13     | Bought a potion of haste for 130 gold pieces
 29352 | D:13     | Bought a potion of heal wounds for 65 gold pieces
 29352 | D:13     | Bought a potion of berserk rage for 65 gold pieces
 29948 | D:13     | Reached skill level 10 in Hexes
 30009 | D:13     | Found a gate to the Vaults.
 30101 | D:13     | Reached XP level 15. HP: 77/77 MP: 22/29
 31032 | Lair:3   | Identified the +0 chain mail of Philately {Regen+ Int+6
                  | Stlth-}
 31089 | Lair:3   | Killed Rupert
 32335 | Lair:4   | Reached skill level 10 in Stealth
 33460 | Lair:4   | Found a staircase to the Slime Pits.
 33460 | Lair:4   | Found a viscous altar of Jiyva.
 34202 | Lair:5   | Entered Level 5 of the Lair of Beasts
 37440 | D:14     | Found a gate leading to a gauntlet.
 37580 | D:14     | Paralysed by an ogre mage for 4 turns
 37587 | Gauntlet | Entered a Gauntlet
 37587 | Gauntlet | Found a transporter.
 37648 | Gauntlet | Found a transporter.
 37648 | Gauntlet | Found a transporter.
 37659 | Gauntlet | Found a transporter.
 37662 | Gauntlet | Found a transporter.
 37670 | Gauntlet | Found a transporter.
 37691 | Gauntlet | Found a transporter.
 37702 | Gauntlet | Found a transporter.
 37713 | Gauntlet | Found a transporter.
 37732 | Gauntlet | Found a transporter.
 37746 | Gauntlet | Found a transporter.
 37746 | Gauntlet | Found a transporter.
 37755 | Gauntlet | Found a runed translucent door.
 37800 | Gauntlet | Found a transporter.
 37808 | Gauntlet | Found a runed translucent door.
 37812 | Gauntlet | Found a runed translucent door.
 37814 | Gauntlet | Found a transporter.
 38244 | Gauntlet | Reached XP level 16. HP: 58/84 MP: 23/30
 38300 | Gauntlet | Identified the +0 cloak of Unky {+Inv}
 38323 | Gauntlet | Identified the +8 spear of Disaster {drain, Contam rPois
                  | rN+ Int+4}
 38696 | D:14     | Noticed Josephine
 38808 | D:14     | Killed Josephine
 39057 | D:14     | Noticed Kirke
 39110 | D:14     | Killed Kirke
 39744 | D:14     | Reached skill level 10 in Conjurations
 39744 | D:14     | Reached skill level 10 in Invocations
 39784 | D:15     | Entered Level 15 of the Dungeon
 39923 | D:14     | Reached skill level 10 in Fighting
 40305 | D:15     | Learned a level 3 spell: Frozen Ramparts
 40334 | D:15     | Reached skill level 1 in Ice Magic
 40957 | D:15     | Found a staircase to the Depths.
 41347 | Snake:1  | Entered Level 1 of the Snake Pit
 41730 | Snake:1  | Reached skill level 5 in Ice Magic
 42606 | Snake:1  | Reached ****** piety under Hepliaklqana
 43323 | Snake:2  | Identified the +1 long sword of Orouredi {heavy, rF+ Str+5
                  | Stlth+}
 43324 | Snake:2  | Noticed a nagaraja
 43496 | Snake:2  | Reached skill level 10 in Armour
 43712 | Snake:2  | Identified the +5 ring mail "Gyel" {rF+}
 44300 | Snake:2  | Killed a nagaraja
 44431 | Snake:3  | Reached XP level 17. HP: 76/91 MP: 31/31
 44529 | Snake:2  | Reached skill level 5 in Shields
 44533 | Snake:3  | Found a blossoming altar of Fedhas.
 44547 | Snake:3  | Identified Roxanne's Dissertation on the Gestalt
 44547 | Snake:3  | Noticed Roxanne
 45294 | Snake:3  | Noticed Vashnia
 46689 | Lair:5   | Reached skill level 10 in Ice Magic
 46791 | Lair:5   | Got the Book of the Elliptic Tektite
 46798 | Lair:5   | Learned a level 5 spell: Lee's Rapid Deconstruction
 47479 | Snake:3  | Killed Roxanne
 47854 | Snake:4  | Entered Level 4 of the Snake Pit
 48387 | Snake:4  | Noticed Aizul
 48569 | Snake:4  | Killed Aizul
 48859 | Snake:4  | Noticed Asterion
 49077 | Snake:4  | Reached skill level 11 in Earth Magic
 49748 | Elf:1    | Entered Level 1 of the Elven Halls
 50995 | Elf:1    | Reached XP level 18. HP: 82/96 MP: 29/33
 51110 | Elf:1    | Paralysed by an air elemental for 1 turns
 52163 | Elf:2    | Reached skill level 12 in Earth Magic
 53135 | Elf:2    | Reached skill level 10 in Shields
 53665 | Elf:2    | Noticed Agnes
 54073 | Elf:2    | Reached skill level 10 in Evocations
 54373 | Elf:2    | Killed Agnes
 54400 | Elf:2    | Found Fywinaul's Jewellery Emporium.
 54409 | Elf:2    | Bought a ring of see invisible for 255 gold pieces
 54414 | Elf:2    | Bought a ring of wizardry for 510 gold pieces
 54435 | Elf:2    | Reached skill level 1 in Transmutations
 54600 | Elf:2    | Found a runed translucent gate.
 54600 | Elf:2    | Found a runed translucent gate.
 54600 | Elf:2    | Found a runed translucent gate.
 55068 | Elf:2    | Learned a level 5 spell: Irradiate
 55075 | Elf:3    | Entered Level 3 of the Elven Halls
 55764 | Elf:3    | Found the dreamshard necklace {*Dream Drain}
 56754 | Elf:3    | Noticed a deep elf blademaster
 56796 | Elf:3    | Noticed Jeyniew's ghost (adept TrMo)
 56797 | Elf:3    | Noticed a deep elf blademaster
 56798 | Elf:3    | Noticed a deep elf blademaster
 56814 | Elf:3    | Paralysed by an air elemental for 1 turns
 56835 | Elf:3    | Found a transporter.
 56840 | Elf:3    | Found a bloodstained altar of Trog.
 56914 | Elf:3    | Found a transporter.
 57358 | Elf:3    | Noticed a deep elf blademaster
 57358 | Elf:3    | Noticed a deep elf blademaster
 57365 | Elf:3    | Killed a deep elf blademaster
 57376 | Elf:3    | Killed a deep elf blademaster
 57644 | Elf:3    | Reached XP level 19. HP: 84/95 MP: 18/35
 57736 | Elf:3    | Paralysed by an air elemental for 1 turns
 57928 | Elf:3    | Reached skill level 5 in Dodging
 57975 | Elf:3    | Identified the ring "Eroxt" {rElec Will+ rCorr Str+6
                  | Stlth+}
 58197 | Elf:3    | Identified the amulet "Piruz" {Acrobat rC- rCorr Int+8}
 58315 | Elf:3    | Reached skill level 5 in Transmutations
 58796 | Abyss:3  | Cast into level 3 of the Abyss (a deep elf sorcerer)
 58813 | Abyss:3  | Found a corrupted altar of Lugonu.
 58929 | Abyss:3  | Found a corrupted altar of Lugonu.
 58994 | Elf:3    | Escaped the Abyss
 59522 | Elf:3    | Identified the +0 robe of Xuumnosa {rElec rCorr Slay-3}
 60145 | Elf:3    | Identified the staff of death "Haocong" {rN+ Int+3 Dex+2}
 60368 | Elf:3    | Identified the staff of air "Serch" {rElec rC+ Str+6 Int+3
                  | Stlth-}
 60369 | Elf:3    | Identified the +6 sling of Daturph {drain, Int+2}
 60426 | Elf:3    | Got Sif Muna's Collected Works on Lamentation and
                  | Degeneration
 60586 | Elf:3    | Learned a level 5 spell: Borgnjor's Vile Clutch
 60854 | D:10     | Killed Esekla's ghost
 61011 | D:10     | Found a staircase to the Orcish Mines.
 61284 | D:10     | Found a stormy altar of Qazlal.
 61284 | D:10     | Found a glowing golden altar of the Shining One.
 61290 | D:10     | Found a faded altar of an unknown god.
 61292 | D:10     | Found a burning altar of Makhleb.
 61294 | D:10     | Found a faded altar of an unknown god.
 61711 | D:12     | Reached skill level 1 in Necromancy
 61901 | D:12     | Killed Sabo's ghost
 63383 | Snake:4  | Reached skill level 5 in Necromancy
 63802 | Snake:4  | Reached XP level 20. HP: 105/105 MP: 21/36
 63810 | Snake:4  | Got a serpentine rune of Zot
 64236 | Vaults:1 | Entered Level 1 of the Vaults
 64273 | Vaults:1 | Identified the +2 morningstar of Upheaval {elec, rPois rC+
                  | Will- Dex+3}
 64821 | Shoals:1 | Entered Level 1 of the Shoals
 65125 | Shoals:1 | Found Qeuceegre's Weapon Boutique.
 65209 | Shoals:1 | Found a hide-covered altar of Uskayaw.
 65349 | Shoals:1 | Upgraded the game from 0.30.0-19-g36f170ea60 to
                  | 0.30.0-20-g3b4254fcbd
 65403 | Shoals:1 | Reached skill level 1 in Ranged Weapons
 65909 | Shoals:1 | Reached skill level 13 in Earth Magic
 65994 | Shoals:1 | Found Jumigirod's Antique Weapon Boutique.
 66221 | Shoals:1 | Identified the +1 longbow of Azuokulu {heavy, Contam +Blink
                  | rElec rC++}
 66260 | Shoals:1 | Identified the +0 arbalest "Etelov" {elec, rC- rN++}
 66322 | Shoals:2 | Identified the +0 plate armour of the Morning {Harm +Inv
                  | rC+}
 66948 | Shoals:2 | Found Zeus's Dragon-Slaying Spoils.
 66969 | Shoals:2 | Bought +0 pearl dragon scales for 1100 gold pieces
 67503 | Shoals:3 | Noticed Donald
 67521 | Shoals:3 | Killed Donald
 68082 | Shoals:4 | Entered Level 4 of the Shoals
 70109 | Shoals:4 | Identified the +4 sling "Naciacil" {freeze, Int+3 Dex+3}
 70307 | Shoals:4 | Reached XP level 21. HP: 89/109 MP: 24/38
 70389 | Shoals:4 | Got a barnacled rune of Zot
 70397 | Shoals:4 | Reached skill level 5 in Ranged Weapons
 70407 | Shoals:4 | Reached skill level 14 in Earth Magic
 70428 | Shoals:4 | Found the +3 Elemental Staff {rElec rF+ rC+ AC+3}
 70532 | Shoals:4 | Identified the staff of death "Hatutes" {rElec rN+}
 71131 | D:6      | Bought Ozocubu's Autobiography for 312 gold pieces
 71139 | D:6      | Learned a level 7 spell: Ozocubu's Refrigeration
 72875 | Vaults:1 | Found Zuduunn's Distillery.
 73526 | Vaults:2 | Reached skill level 10 in Dodging
 74006 | Vaults:2 | Identified the +0 falchion "Hucearia" {flame, Int+2 Dex+4}
 74252 | Vaults:2 | Found a portal to a secret trove of treasure.
 74275 | Vaults:2 | You are sucked into a shaft and drop 2 floors!
 75010 | Vaults:3 | Found Hyolaf's Assorted Antiques.
 75489 | Vaults:3 | Found a staircase to the Crypt.
 75784 | Vaults:3 | Found Wepsirgh's General Store.
 75904 | Vaults:3 | Reached XP level 22. HP: 89/114 MP: 25/39
 77547 | Vaults:3 | Upgraded the game from 0.30.0-20-g3b4254fcbd to
                  | 0.30.0-29-ga12c61a403
 77756 | Depths:1 | Entered Level 1 of the Depths
 77787 | Depths:1 | Found Lagogim's Mayhem Merchandise.
 77873 | Depths:1 | Found a corrupted altar of Lugonu.
 78531 | Depths:1 | Learned a level 5 spell: Freezing Cloud
 79137 | Depths:1 | Found a runed translucent gate.
 79137 | Depths:1 | Found a runed translucent gate.
 79137 | Depths:1 | Found a runed translucent gate.
 79137 | Depths:1 | Noticed cheesebisquit's ghost (veteran TeSu)
 79139 | Depths:1 | Found a basalt altar of Yredelemnul.
 79177 | Depths:1 | Reached skill level 10 in Transmutations
 79203 | Depths:1 | Found a gateway to Hell.
 79240 | Depths:1 | Noticed Nikola
 79247 | Depths:1 | Killed Nikola
 80157 | Elf:3    | Identified the +2 pair of boots of Omiu {rF+ Int+7 Stlth-}
 80207 | Elf:3    | Killed Jeyniew's ghost
 81729 | Depths:2 | Found a runed translucent gate.
 81729 | Depths:2 | Found a runed translucent gate.
 81729 | Depths:2 | Found a runed translucent gate.
 82205 | Depths:2 | Found a one-way gate leading to the halls of Pandemonium.
 82369 | Depths:2 | Noticed Kabe's ghost (veteran BaIE)
 82934 | Depths:2 | Reached skill level 15 in Ice Magic
 83542 | Depths:2 | Noticed a golden dragon
 83548 | Depths:2 | Killed a golden dragon
 83787 | Depths:2 | Identified the ring of Adoqat {Fire rPois Int+3 Dex+2
                  | Stlth-}
 83879 | Depths:3 | Noticed a caustic shrike
 83879 | Depths:3 | Noticed a caustic shrike
 84173 | Crypt:1  | Entered Level 1 of the Crypt
 84233 | Crypt:1  | Reached skill level 1 in Air Magic
 84233 | Crypt:1  | Reached XP level 23. HP: 115/116 MP: 24/40
 84258 | Crypt:1  | Noticed Zenata
 85082 | Crypt:1  | Killed Zenata
 86182 | Crypt:2  | Noticed Frederick
 86190 | Crypt:1  | Killed Frederick
 87549 | Crypt:2  | Noticed Boris
 87573 | Crypt:2  | Killed Boris
 87979 | Crypt:2  | Reached skill level 15 in Earth Magic
 88586 | Crypt:3  | Entered Level 3 of the Crypt
 89090 | Crypt:3  | Found the +7 sceptre of Torment {pain, torment}
 89364 | Crypt:3  | Noticed Boris
 89376 | Crypt:3  | Killed Boris
 89806 | Crypt:3  | Found a staircase to the Tomb.
 89956 | Crypt:3  | Reached skill level 16 in Earth Magic
 90290 | Crypt:3  | Reached XP level 24. HP: 120/121 MP: 30/40
 90772 | Crypt:3  | Noticed a dread lich
 90775 | Crypt:3  | Noticed a dread lich
 90775 | Crypt:3  | Noticed an ancient lich
 90785 | Crypt:3  | Killed an ancient lich
 91041 | Crypt:3  | Killed a dread lich
 91421 | Crypt:3  | Killed a dread lich
 91529 | Crypt:3  | Identified the +9 mace of Insomnia {flame, rPois rC- rCorr
                  | Int+4}
 91531 | Crypt:3  | Identified the +1 dire flail of Gonuc {vamp, Str-3 Int+5}
 92238 | Vaults:4 | Found Tuntusoj's General Store.
 92258 | Vaults:4 | Bought a scroll of enchant armour for 97 gold pieces
 92802 | Vaults:4 | Noticed Mennas
 92816 | Vaults:4 | Killed Mennas
 92943 | Vaults:4 | Identified the staff of earth "Umer" {rF+ Str+3}
 93127 | Vaults:4 | Reached skill level 17 in Earth Magic
 93632 | Vaults:4 | Noticed Xtahua
 93643 | Vaults:4 | Killed Xtahua
 93754 | Vaults:4 | Noticed Margery
 93767 | Vaults:4 | Killed Margery
 95000 | Depths:2 | Killed Kabe's ghost
 95280 | Depths:2 | Identified the +0 pair of gloves of the Hart {*Corrode Fly
                  | rElec Str+2}
 95334 | Depths:2 | Learned a level 7 spell: Orb of Destruction
 95634 | Shoals:2 | Bought quicksilver dragon scales for 660 gold pieces
 96072 | Vaults:5 | Entered Level 5 of the Vaults
 96079 | Vaults:5 | Reached skill level 1 in Staves
 96826 | Vaults:3 | Reached XP level 25. HP: 71/133 MP: 25/41
 97483 | Vaults:4 | Reached skill level 1 in Polearms
 98947 | Vaults:4 | Reached skill level 5 in Staves
 99449 | Vaults:5 | Identified the ring "Moots" {Will+ MP+9 Int+2}
 99841 | Vaults:5 | Identified the +5 dire flail of Action {flame, rC+ MP-9
                  | Str+2 Dex+3}
100222 | Vaults:5 | Reached skill level 15 in Conjurations
100222 | Vaults:5 | Reached skill level 18 in Earth Magic
100231 | Vaults:5 | Noticed Bai Suzhen
100264 | Vaults:5 | Killed Bai Suzhen
100943 | Vaults:5 | Identified the +6 quarterstaff "Dakaa" {antimagic, rF-
                  | Dex+3 SInv}
101139 | Vaults:5 | Identified the +0 plate armour of Salvation {+Blink}
101510 | Vaults:5 | Got a silver rune of Zot
102011 | Depths:3 | Paralysed by a floating eye for 3 turns
102015 | Depths:3 | Found a one-way gateway to a ziggurat.
102021 | Zig:1    | Entered Level 1 of a ziggurat
102251 | Zig:2    | Entered Level 2 of a ziggurat
102339 | Zig:3    | Entered Level 3 of a ziggurat
102354 | Zig:3    | Identified the staff of fire "Itolanum" {rF+ SInv}
102447 | Zig:4    | Entered Level 4 of a ziggurat
102735 | Zig:4    | Identified the +3 long sword "Gost" {antimagic, *Noise
                  | rElec rF+ rN+}
102781 | Depths:3 | Reached skill level 15 in Spellcasting
103007 | Depths:3 | Reached XP level 26. HP: 141/142 MP: 30/42
103270 | Depths:4 | Entered Level 4 of the Depths
103270 | Depths:4 | Noticed Boris
103351 | Depths:3 | Learned a level 6 spell: Iron Shot
103362 | Depths:3 | Killed Boris
103445 | Depths:3 | Found Ogaitec's Armour Shop.
103769 | Depths:3 | Found Yveoz's Distillery.
103774 | Depths:3 | Bought a potion of haste for 100 gold pieces
103774 | Depths:3 | Bought a potion of heal wounds for 50 gold pieces
103774 | Depths:3 | Bought a potion of might for 40 gold pieces
103774 | Depths:3 | Bought a potion of heal wounds for 50 gold pieces
103899 | Depths:3 | Found Xeliekiuna's Weapon Shop.
104063 | Depths:3 | Found the crystal ball of Wucad Mu {*channel}
104312 | Depths:4 | Found a huge runed gate.
104312 | Depths:4 | Found a huge runed gate.
104312 | Depths:4 | Found a huge runed gate.
104313 | Depths:4 | Found a huge runed gate.
104313 | Depths:4 | Found a huge runed gate.
104314 | Depths:4 | Found a huge runed gate.
104315 | Depths:4 | Found a huge runed gate.
104727 | Depths:4 | Found Xinkerit's Weapon Boutique.
104727 | Depths:4 | Found Ywaxal's Antique Weapon Shop.
105133 | Depths:4 | Found a huge runed gate.
105133 | Depths:4 | Found a huge runed gate.
105133 | Depths:4 | Found a huge runed gate.
105134 | Depths:4 | Found a huge runed gate.
105134 | Depths:4 | Found a huge runed gate.
105135 | Depths:4 | Found a huge runed gate.
105136 | Depths:4 | Found a huge runed gate.
105137 | Depths:4 | Found a huge runed gate.
105138 | Depths:4 | Found a huge runed gate.
105139 | Depths:4 | Found a huge runed gate.
105142 | Depths:4 | Found a huge runed gate.
105447 | Depths:4 | Found a broken altar of Ashenzari.
105511 | Depths:4 | Found a gate to the Realm of Zot.
105583 | Depths:4 | Found a huge runed gate.
105583 | Depths:4 | Found a huge runed gate.
105583 | Depths:4 | Found a huge runed gate.
105584 | Depths:4 | Found a huge runed gate.
105584 | Depths:4 | Found a huge runed gate.
105584 | Depths:4 | Found a huge runed gate.
105585 | Depths:4 | Found a huge runed gate.
105586 | Depths:4 | Found a huge runed gate.
105587 | Depths:4 | Found a huge runed gate.
105588 | Depths:4 | Found a huge runed gate.
105607 | Depths:4 | Found a huge runed gate.
105607 | Depths:4 | Found a huge runed gate.
105607 | Depths:4 | Found a huge runed gate.
105607 | Depths:4 | Found a huge runed gate.
105607 | Depths:4 | Found a huge runed gate.
105607 | Depths:4 | Found a huge runed gate.
105608 | Depths:4 | Found a huge runed gate.
105609 | Depths:4 | Found a huge runed gate.
105736 | Depths:4 | Reached skill level 19 in Earth Magic
106004 | Depths:4 | Learned a level 8 spell: Lehudib's Crystal Spear
106290 | Zot:1    | Entered Level 1 of the Realm of Zot
106466 | Zot:1    | Noticed an orb of fire
106473 | Zot:1    | Reached skill level 15 in Fighting
106659 | Zot:1    | Noticed a dread lich
106662 | Zot:1    | Noticed an orb of fire
107921 | Zot:1    | Noticed a dread lich
107935 | Zot:1    | Found a shimmering blue altar of Sif Muna.
107939 | Zot:1    | Found a transporter.
108934 | Zot:2    | You are sucked into a shaft and drop 1 floor!
108943 | Zot:3    | Reached skill level 20 in Earth Magic
109236 | Zot:2    | Noticed an orb of fire
109248 | Zot:2    | Noticed Grunn
109254 | Zot:2    | Reached XP level 27. HP: 151/151 MP: 20/43
109672 | Zot:2    | Killed Grunn
109976 | Zot:2    | Gained mutation: You are weak. (Str -2) [an orb of fire]
109977 | Zot:2    | Killed an orb of fire
113741 | Zot:3    | Reached skill level 5 in Polearms
114912 | Zot:4    | Reached skill level 21 in Earth Magic
115369 | Zot:4    | Found the +4 dragonskin cloak
115369 | Zot:4    | Noticed Tiamat
115722 | Zot:4    | Killed Tiamat
116804 | Zot:5    | Entered Level 5 of the Realm of Zot
117274 | Zot:5    | Found a bloodstained altar of Trog.
118407 | Vaults:1 | Bought a potion of mutation for 160 gold pieces
118407 | Vaults:1 | Bought a potion of mutation for 160 gold pieces
118407 | Vaults:1 | Bought a potion of heal wounds for 100 gold pieces
118407 | Vaults:1 | Bought a potion of heal wounds for 100 gold pieces
118675 | Orc:2    | Bought a potion of might for 64 gold pieces
118675 | Orc:2    | Bought a potion of berserk rage for 80 gold pieces
118678 | Orc:2    | Bought a scroll of enchant weapon for 105 gold pieces
118679 | Orc:2    | Bought a phial of floods for 560 gold pieces
119098 | Zot:5    | Noticed a dread lich
119107 | Zot:5    | Killed a dread lich
119409 | Zot:5    | Found a bloodstained altar of Trog.
119724 | Zot:5    | Noticed an ancient lich
119727 | Zot:5    | Killed an ancient lich
119958 | Zot:5    | Noticed a dread lich
120156 | Zot:5    | Killed a dread lich
120389 | Zot:5    | Noticed an orb of fire
120537 | Zot:5    | Found a bloodstained altar of Trog.
121454 | Zot:5    | Noticed an orb of fire
121654 | Zot:5    | Killed an orb of fire
121655 | Zot:5    | Reached skill level 10 in Throwing
121981 | Zot:5    | Noticed a dread lich
122145 | Zot:5    | Found a bloodstained altar of Trog.
122601 | Zot:5    | Paralysed by a dread lich for 2 turns
122604 | Zot:5    | Killed a dread lich
122619 | Zot:5    | Noticed an orb of fire
122827 | Zot:5    | Found a bloodstained altar of Trog.
123185 | Zot:5    | Killed an orb of fire
123289 | Zot:5    | Killed an orb of fire
123462 | Zot:5    | Noticed an orb of fire
123465 | Zot:5    | Gained mutation: You are very weak. (Str -4) [an orb of
                  | fire]
123466 | Zot:5    | Gained mutation: You occasionally lose the ability to drink
                  | potions when taking damage. [an orb of fire]
123708 | Zot:5    | Gained mutation: You are dopey. (Int -2) [an orb of fire]
123952 | Zot:5    | Found a bloodstained altar of Trog.
124236 | Zot:5    | Noticed an orb of fire
124322 | Zot:5    | Gained mutation: Your spells are a little easier to cast,
                  | but a little less powerful. [an orb of fire]
124350 | Zot:5    | Lost mutation: Your spells are a little easier to cast, but
                  | a little less powerful. [an orb of fire]
124352 | Zot:5    | Killed an orb of fire
124353 | Zot:5    | Reached skill level 10 in Staves
124514 | Zot:5    | Noticed an ancient lich
124522 | Zot:5    | Killed an ancient lich
124664 | Zot:5    | Killed an orb of fire
125620 | Zot:5    | Lost mutation: You are dopey. (Int -2) [potion of mutation]
125620 | Zot:5    | Lost mutation: You are very weak. (Str -4) [potion of
                  | mutation]
125620 | Zot:5    | Lost mutation: You occasionally lose the ability to drink
                  | potions when taking damage. [potion of mutation]
125620 | Zot:5    | Gained mutation: You have a pair of small horns on your
                  | head. [potion of mutation]
125620 | Zot:5    | Gained mutation: You are agile. (Dex +4, Str/Int -1)
                  | [potion of mutation]
125620 | Zot:5    | Gained mutation: You passively map a small area around you.
                  | [potion of mutation]
125667 | Zot:5    | Got the Orb of Zot
126267 | D:2      | Noticed Wain the pandemonium lord
126268 | D:2      | Gained mutation: You are very agile. (Dex +8, Str/Int -2)
                  | [a neqoxec]
126304 | D:$      | Escaped with the Orb!

Illustrated notes

Levels and vault maps discovered:
D:1:      kennysheep_arrival_forest, layout_basic, minmay_pentomino_q4
D:2:      layout_loops_cross, shapermc_ecumenical_altar_mp_ritualfount
D:3:      layout_rooms, serial_shops, nicolae_shop_rolling_square,
          wander_ebering_terrifying_dragon_lair, uniq_terence, uniq_ijyb
D:4:      layout_loops_ring, minmay_pentangle
D:5:      layout_rooms
D:6:      layout_loops_corners, serial_shops, shop,
          nicolae_concentric_dashed_squares_wild, kennysheep_generic_room_14,
          uniq_sigmund
D:7:      layout_basic, mainiacjoe_overflow_tiny_flanked,
          minmay_temple_entry_statues_pillars, minmay_manual_macuahuitl,
          uniq_menkaure
D:8:      layout_basic, uniq_amaemon
D:9:      layout_gridville, dpeg_lair_monsters, uniq_pikel
D:10:     layout_basic, chequers_temple_overflow_minitemple, erik_orc_4,
          special_room [special_room_bee], ebering_ghost_gozag, feat_on_display
D:11:     layout_loops_cross
D:12:     layout_long_grid, gammafunk_ghost_abyssal_escape, xom_teletrap_fun
D:13:     layout_loops_ring, david_vaults_2, serial_shops,
          nicolae_shop_tiny_statue_garden
D:14:     layout_roguey, gauntlet_entry_generic, minmay_checkerbox,
          uniq_josephine, uniq_kirke
D:15:     hangedman_depths_entry_civil_slaughter, layout_basic, nicolae_wwwww
Temple:   regret_index_temple_chain_breaker
Lair:1:   layout_roguey, st_stairs_9, grunt_megastairs_1
Lair:2:   layout_cellular_growth, nicolae_shoals_entry_roost,
          minmay_snake_entry_guardpost_large
Lair:3:   kb_forest_paths, layout_gridlike, portal_ice_cave_entry_pillars_2,
          uniq_rupert
Lair:4:   layout_loops_ring, minmay_slime_entry_oklob_open,
          chequers_serial_rivers_micro_e
Lair:5:   due_jungle_book, layout_gridlike, nicolae_quartered_pool_little,
          kennysheep_rathole
Shoals:1: layout_shoals, serial_shops, shop, nicolae_shop_statue_plus,
          regret_index_shoals_crete
Shoals:2: layout_shoals, nicolae_shop_dragon_depot, nicolae_shoals_gull_way
Shoals:3: layout_shoals, uniq_donald
Shoals:4: shoals_end_hellmonk_lost_city, serial_shops
Snake:1:  layout_cave_pods
Snake:2:  layout_layer_cave
Snake:3:  layout_basic, basic_altar, serial_bayou_shore_b, uniq_vashnia,
          uniq_roxanne
Snake:4:  snake_pit_salamanders_mu, layout_cave_town, drop_trap, uniq_aizul,
          uniq_asterion
Orc:1:    layout_caves, hangedman_minor_magic
Orc:2:    st_orc_ogre_mass, layout_diamond_mine, serial_shops, shop, basic_altar
Elf:1:    layout_rooms, minivault_28, nrook_uturn, grunt_ministairs_12
Elf:2:    nicolae_elf_blades_crystal_corner, layout_gridlike, serial_shops,
          shop, uniq_agnes
Elf:3:    minmay_elf_hall_spiked, layout_geoelf_castle,
          gammafunk_ghost_wrathful_warriors, evilmike_minifort
Vaults:1: hangedman_vaults_trim, nicolae_vaults_double_plus_3,
          nicolae_vaults_storage_room_statues, ontoclasm_vaults_pinch,
          nicolae_vaults_network_quincunx
          [nicolae_vaults_network_quincunx_subvault,
          nicolae_vaults_network_quincunx_subvault,
          nicolae_vaults_network_quincunx_subvault,
          nicolae_vaults_network_quincunx_subvault,
          nicolae_vaults_network_quincunx_subvault], v_misc_1,
          nicolae_vaults_tangram_1, v_pattern_5, layout_vaults_maze_snakey,
          serial_shops, shop
Vaults:2: vaults_dpeg_hooks, hangedman_vaults_slither,
          ontoclasm_vaults_decontamination, hangedman_vaults_maws,
          nicolae_vaults_weapon_check, vaults_room_stairs_pillars,
          layout_vaults_chaotic_city, enter_trove_0
Vaults:3: nicolae_vaults_wrenched, minmay_crypt_entry_vampire_xt,
          ontoclasm_vaults_spin, nicolae_vaults_mini_display_case,
          vaults_room_stairs_pillars, nicolae_vaults_offset_grid_hallway_1,
          nicolae_vaults_yaktaur_gun_rack, vaults_mumra_minichess,
          grunt_vaults_hallway_short, vaults_room_fours,
          layout_vaults_quadrants, serial_shops, shop, shop
Vaults:4: v_misc_12, nicolae_vaults_trapezoid_lopsided_4, v_pattern_4,
          vaults_dpeg_doors, v_misc_23, nicolae_vaults_doubleplus_tesselated,
          ontoclasm_vaults_claustrophobia, st_cross, v_misc_30,
          hangedman_vaults_cutoff, vaults_room_door_hall, vaults_room_hallway,
          nicolae_vaults_rhombus_7, layout_vaults_ring, serial_shops,
          nicolae_shop_tiny_glass, uniq_xtahua, uniq_margery, uniq_mennas
Vaults:5: uniq_bai_suzhen
Crypt:1:  layout_rooms, minivault_19, minmay_misc_feat_rows, uniq_zenata
Crypt:2:  layout_gridlike, nicolae_crypt_crumbling_hall, grunt_megastairs_2,
          uniq_josephina, uniq_frederick, uniq_boris
Crypt:3:  david_glass_crypt, layout_misc_corridors,
          nicolae_tomb_entry_rubble_hallway, grunt_ministairs_7
Depths:1: layout_basic, hell_entry, columned_hall_lemuel,
          abyss_entry_flame_altar, minmay_shop_mayhem, fountainhead,
          nicolae_yredelemnul_ghost_church, uniq_nikola
Depths:2: minmay_blocking_statues, layout_gridlike, grunt_pan_entry_zigzag,
          hell_entry, gammafunk_ghost_icy, chequers_serial_rivers_large_a,
          infiniplex_staircase_pool_2
Depths:3: minmay_ambush_box, layout_cave_pools, enter_ziggurat_a,
          mu_enter_wizlab_6, abyss_entry, grunt_hell_entry_dis_grunt,
          minmay_misc_feat_chi, serial_shops, shop, kennysheep_little_box, shop
Depths:4: evilmike_zot_entry_diamond, layout_gridlike,
          gammafunk_ghost_door_vault, hell_entry, rand_demon_pan_entry_9,
          chequers_serial_rivers_small_a, cheibrodos_ashenzari_chains,
          minmay_shoptagon
Zot:1:    gammafunk_sealed_library, layout_concentric_octagons, st_stairs_11
Zot:2:    layout_cathedral_of_symmetry, grunt_megastairs_3, uniq_grunn
Zot:3:    layout_gridlike
Zot:4:    layout_misc_corridors, uniq_tiamat
Zot:5:    layout_misc_corridors, basic_altar

Skill      XL: |  1  2  3  4  5  6  7  8  9 10 11 12 13 14 15 16 17 18 19 20 21 22 23 24 25 26 27 |
---------------+----------------------------------------------------------------------------------+-----
Earth Magic    | 4 6 7 8 9 10 11 12 13 14 16 17 18 20 21 | 21.7
Fighting       | 1 5 6 7 8 10 12 14 15 18 | 18.5
Spellcasting   | 3 4 6 7 9 10 11 12 13 14 15 16 | 16.0
Conjurations   | 1 2 4 5 9 10 11 12 13 15 16 19 | 19.2
Long Blades    | 1 2 3 6 8 |  8.0
Stealth        | 3 4 5 8 9 10 | 10.0
Evocations     | 3 5 8 9 10 | 10.0
Armour         | 2 5 6 7 10 12 | 12.0
Translocations | 5 |  5.0
Invocations    | 2 5 9 10 | 10.0
Hexes          | 5 8 10 | 10.0
Throwing       | 4 5 6 7 10 | 10.0
Shields        | 4 9 10 12 13 | 13.0
Ice Magic      | 7 10 13 15 16 17 | 17.0
Dodging        | 4 5 7 11 12 13 | 13.0
Transmutations | 4 7 9 10 | 10.0
Necromancy     | 6 7 9 |  9.0
Ranged Weapons | 4 5 |  5.0
Air Magic      | 1 4 |  4.0
Staves         | 2 5 10 | 10.1
Polearms       | 3 9 |  9.4

Action                     |  1- 3 |  4- 6 |  7- 9 | 10-12 | 13-15 | 16-18 | 19-21 | 22-24 | 25-27 || total
---------------------------+-------+-------+-------+-------+-------+-------+-------+-------+-------++-------
  Melee: Whip              |    28 |       |       |       |       |       |       |       |       ||    28
         Demon blade       |       |   123 |    31 |   239 |   220 |   507 |   309 |   750 |   305 ||  2484
         Punch             |       |       |       |     3 |       |       |       |       |       ||     3
         Staff             |       |       |       |       |    11 |       |   112 |    69 |   343 ||   535
         Headbutt          |       |       |       |       |       |       |       |       |     2 ||     2
   Fire: Sling             |       |       |       |       |       |       |   351 |   117 |   174 ||   642
  Throw: Stone             |     6 |     5 |    36 |    26 |     5 |       |       |       |       ||    78
         Dart              |       |       |     8 |    60 |    70 |    30 |    17 |     5 |       ||   190
         Javelin           |       |       |     6 |     4 |     9 |       |     8 |    17 |    89 ||   133
         Boomerang         |       |       |       |     2 |     6 |    22 |       |     2 |       ||    32
   Cast: Sandblast         |    43 |    22 |   115 |    48 |    84 |     1 |     7 |     1 |       ||   321
         Stone Arrow       |       |       |    47 |   155 |   474 |   504 |   445 |   253 |   319 ||  2197
         Blink             |       |       |       |     1 |       |       |       |     4 |     1 ||     6
         Tukima's Dance    |       |       |       |       |   106 |    95 |    99 |    33 |   106 ||   439
         Lee's Rapid Decon |       |       |       |       |       |    18 |     2 |   112 |    11 ||   143
         Borgnjor's Vile C |       |       |       |       |       |       |    65 |   135 |   262 ||   462
         Irradiate         |       |       |       |       |       |       |       |     5 |       ||     5
         Ozocubu's Refrige |       |       |       |       |       |       |       |    23 |    20 ||    43
         Freezing Cloud    |       |       |       |       |       |       |       |     7 |    25 ||    32
         Frozen Ramparts   |       |       |       |       |       |       |       |       |    10 ||    10
         Orb of Destructio |       |       |       |       |       |       |       |       |     3 ||     3
         Iron Shot         |       |       |       |       |       |       |       |       |    82 ||    82
         Lehudib's Crystal |       |       |       |       |       |       |       |       |    40 ||    40
 Invoke: Recall Ancestor   |       |       |       |    33 |    34 |    30 |    24 |    15 |    42 ||   178
         Ancestor Identity |       |       |       |     1 |       |       |       |       |       ||     1
         Ancestor Life: He |       |       |       |     1 |       |       |       |       |       ||     1
         Idealise          |       |       |       |       |     1 |     2 |     6 |     1 |     2 ||    12
         Transference      |       |       |       |       |       |       |     1 |       |       ||     1
Ability: Evoke Invisibilit |       |       |       |       |       |     1 |       |       |       ||     1
         Evoke Blink       |       |       |       |       |       |       |       |     2 |     2 ||     4
  Evoke: Wand              |       |     1 |     1 |     6 |    11 |     9 |    17 |    12 |    28 ||    85
         Phantom mirror    |       |       |       |     2 |     1 |     2 |     1 |     1 |       ||     7
         Condenser vane    |       |       |       |       |       |       |     1 |       |       ||     1
    Use: Potion            |       |     1 |     1 |     1 |     2 |       |       |     1 |     8 ||    14
         Scroll            |       |     1 |     2 |    16 |     9 |     7 |     3 |     5 |    11 ||    54
   Stab: Sleeping          |     1 |     2 |       |     2 |     4 |     6 |     3 |     2 |     3 ||    23
         Confused          |       |       |       |     5 |     5 |    17 |    17 |    29 |    28 ||   101
         Distracted        |       |       |       |     5 |     7 |     8 |     6 |    15 |    10 ||    51
         Paralysed         |       |       |       |       |    22 |    72 |    94 |   174 |   119 ||   481
 Armour: Robe              |    23 |    46 |    16 |       |       |       |       |       |       ||    85
         Ring mail         |       |       |    24 |    24 |       |   175 |   113 |       |       ||   336
         Troll leather arm |       |       |       |   109 |    10 |       |       |       |       ||   119
         Leather armour    |       |       |       |       |   174 |    39 |       |       |       ||   213
         Scale mail        |       |       |       |       |       |    25 |       |       |       ||    25
         Acid dragon scale |       |       |       |       |       |    20 |       |       |       ||    20
         Pearl dragon scal |       |       |       |       |       |       |   143 |   388 |    36 ||   567
         Quicksilver drago |       |       |       |       |       |       |       |    50 |   375 ||   425
  Dodge: Dodged            |    19 |    60 |    66 |   157 |   180 |   255 |   298 |   257 |   317 ||  1609
  Block: Other             |     4 |    28 |    23 |    76 |     9 |       |       |       |       ||   140
         Reflection        |       |       |     2 |     2 |    16 |    93 |   110 |    22 |    20 ||   265
         Buckler           |       |       |       |       |   142 |    76 |       |       |       ||   218
         Kite shield       |       |       |       |       |       |   348 |   508 |   721 |   522 ||  2099
